AoeStats
← dodosh

Arabia

503437459Analyzed
1v1 RM · 1mo ago on Aug 31, 2026· 35m 33s· 2 players
Game mode
Random Map
Map size
Tiny (2 player)
Population
200
Speed
Normal
Resources
Standard
Victory
Conquest
Starting age
Dark Age
Ending age
Imperial Age
RankedLock teamsTeams togetherTeam positionsShared explorationLock speedFull tech treeHidden civsTurbo modeCheats
Victory
Defeat
🇧🇪 Goths · Belgium
583
+17
604
-17
dodosh
7:54 Loom
12:42 Feudal Age
13:54 Double-Bit Axe
16:26 Wheelbarrow
17:22 Forging
17:19 Scale Barding Armor
17:33 Bloodlines
18:55 Man-at-Arms
19:39 Scale Mail Armor
21:27 Gold Mining
21:30 Stone Mining
25:02 Castle Age
26:35 Chain Mail Armor
28:01 Hand Cart
28:01 Bow Saw
30:56 Iron Casting
30:59 Husbandry
31:42 Long Swordsman
Navix de los Bosques de Lituania
3:46 Loom
11:32 Feudal Age
11:52 Man-at-Arms
12:53 Arson
13:19 Long Swordsman
14:38 Scale Mail Armor
15:50 Forging
21:07 Wheelbarrow
20:19 Horse Collar
20:28 Double-Bit Axe
20:35 Gold Mining
36:50 Castle Age
Connection lost

Rejoining the realm…

Still unreachable

The connection could not be restored.

Session expired

The server has moved on; the page needs a fresh start.